 Dungeon Crawl Stone Soup version 0.29.1-1-gd02db6906a (webtiles) character file.

Game seed: 14580559471606249802

1511 sentinel the Stinger (level 9, -1/93 HPs)
             Began as a Meteoran Earth Elementalist on Oct 1, 2022.
             Slain by an acid dragon (6 damage)
             ... on level 6 of the Dungeon.
             The game lasted 00:10:20 (921 turns).

sentinel the Stinger (Meteoran Earth Elementalist)   Turns: 921, Time: 00:10:21

Health: -1/93      AC: 20    Str: 11    XL:     9   Next: 30%
Magic:  18/18      EV:  2    Int: 21    God:
Gold:   0          SH:  0    Dex: 14    Spells: 8/19 levels left

rFire   . . .      SeeInvis .   (no weapon)
rCold   . . .      Faith    .   (no shield)
rNeg    . . .      Spirit   .   (body armour currently unavailable)
rPois   +          Reflect  .   (helmet currently unavailable)
rElec   .          Harm     .   (cloak currently unavailable)
rCorr   .          Rampage  .   (gloves currently unavailable)
Will    +....      NoTele   +   (boots currently unavailable)
Stlth   +.........              e - amulet of regeneration
HPRegen 1.05/turn               (no ring)
MPRegen 0.16/turn               (no ring)

@: tree-form, corroded, glowing
A: stationary, stasis, torment immunity, boosted hp, sense surroundings 2,
otherworldly, glowing, explore regen
a: no special abilities


You were on level 6 of the Dungeon.
You were a tree.
You visited 1 branch of the dungeon, and saw 7 of its levels.

Inventory:

Armour
 a - a +0 robe (melded)
 d - a +2 hat (melded)
 f - a +0 pair of gloves (melded)
 l - a +0 cloak (melded)
Jewellery
 c - an amulet of reflection
 e - an amulet of regeneration (around neck)
Wands
 m - a wand of polymorph (4)
 A - a wand of acid (4)
 V - a wand of flame (26)
Scrolls
 k - a scroll of poison
 n - a scroll of amnesia
 t - 2 scrolls of teleportation
Potions
 g - a potion of lignification
 h - a potion of berserk rage {unknown}
 i - a potion of brilliance {unknown}
 j - 2 potions of heal wounds {unknown}


   Skills:
 - Level 2.4 Dodging
 - Level 1.4 Stealth
 + Level 5.6 Spellcasting
 - Level 5.0 Conjurations
 + Level 3.3 Translocations
 - Level 1.2 Transmutations
 - Level 6.0 Earth Magic
 - Level 7.0 Poison Magic
 + Level 4.6 Evocations


You had 8 spell levels left.
You knew the following spells:

 Your Spells              Type           Power      Damage    Failure   Level
a - Sandblast             Erth           62%        2d14      1%          1
b - Stone Arrow           Conj/Erth      58%        3d10      3%          3
c - Passwall              Tmut/Erth      17%        N/A       3%          2
g - Apportation           Tloc           40%        N/A       2%          1
t - Olgreb's Toxic Radia  Pois           35%        N/A       5%          4

Your spell library contained the following spells:

 Spells                   Type           Power      Damage    Failure   Level
 Sting                    Tmut/Pois      92%        1d7       1%          1
 Poisonous Vapours        Pois/Air       40%        N/A       3%          2
 Petrify                  Tmut/Erth      21%        N/A       22%         4
 Alistair's Intoxication  Tmut/Pois      15%        N/A       45%         5


Dungeon Overview and Level Annotations

Branches:
Dungeon (7/15) Zot: 3221
 Temple: D:4-7

Altars:
Dithmenos
Fedhas
Qazlal
Sif Muna
Yredelemnul


Innate Abilities, Weirdness & Mutations

You are a tree.
Your roots penetrate the ground, keeping you stationary.
You cannot be teleported.
You are immune to unholy pain and torment.
Your maximum health is greatly increased.
Your equipment is partially melded.
You passively map the area around you.
You are easily found by Zot.
You glow in the dark.
You regain HP and MP as you explore.


Message History

Okay, then.
Things that are here:
a +0 club; a +0 scale mail; an adder corpse
There is a stone staircase leading up here.
Your magical contamination has completely faded away.
Found a grey potion.
Found an escape hatch in the ceiling.
Casting: Sandblast (safe; 1% risk of failure)
Confirm with . or Enter, or press ? or * to list all spells.
Aiming: Apportation (safe; 3% risk of failure)
Press: ? - help, Dir - move target Apport: a grey potion Yoink!
You pull the item towards yourself.
Casting: Apportation (safe; 3% risk of failure)
Confirm with . or Enter, or press ? or * to list all spells.
Aiming: Apportation (safe; 3% risk of failure)
Press: ? - help, Dir - move target Apport: a grey potion Yoink!
You pull the item towards yourself.
j - 2 grey potions (gained 1)
A phantom comes into view.
Casting: Apportation (safe; 3% risk of failure)
Confirm with . or Enter, or press ? or * to list all spells.
Aiming: Stone Arrow (dangerous; 3% risk of failure)
Press: ? - help, Shift-Dir - straight line, f - phantom
Aim: a phantom (60% to hit)
The stone arrow hits the phantom!
The phantom is heavily damaged.
The blast of sand hits the phantom.
The phantom is severely damaged.
The blast of sand hits the phantom!
You destroy the phantom!
Found 7 stones.
Okay, then.
Casting: Sandblast (safe; 1% risk of failure)
Confirm with . or Enter, or press ? or * to list all spells.
Aiming: Stone Arrow (dangerous; 3% risk of failure)
Press: ? - help, Shift-Dir - straight line, f - ice beast
Aim: an ice beast (wandering, hasn't noticed you, 71% to hit)
The stone arrow hits the ice beast!
The ice beast is heavily wounded.
Casting: Stone Arrow (dangerous; 3% risk of failure)
Confirm with . or Enter, or press ? or * to list all spells.
Aiming: Stone Arrow (dangerous; 3% risk of failure)
Press: ? - help, Shift-Dir - straight line, f/p - ice beast
Aim: an ice beast (heavily wounded, 71% to hit)
The stone arrow hits the ice beast!!
You kill the ice beast!
The bullfrog hits you.
An acid dragon comes into view.
Casting: Stone Arrow (dangerous; 3% risk of failure)
Confirm with . or Enter, or press ? or * to list all spells.
Aiming: Sandblast (safe; 1% risk of failure)
Press: ? - help, Shift-Dir - straight line, f - bullfrog
Aim: a bullfrog (80% to hit)
Okay, then.
The bullfrog hits you.
Casting: Sandblast (safe; 1% risk of failure)
Confirm with . or Enter, or press ? or * to list all spells.
Aiming: Sandblast (safe; 1% risk of failure)
Press: ? - help, Shift-Dir - straight line, f - bullfrog
Aim: a bullfrog (80% to hit)
Okay, then.
Casting: Sandblast (safe; 1% risk of failure)
Confirm with . or Enter, or press ? or * to list all spells.
Aiming: Stone Arrow (dangerous; 3% risk of failure)
Press: ? - help, Shift-Dir - straight line, f - acid dragon
Aim: an acid dragon (71% to hit)
The stone arrow hits the acid dragon!
The acid dragon is severely wounded.
The bullfrog barely misses you.
Casting: Stone Arrow (dangerous; 3% risk of failure)
Confirm with . or Enter, or press ? or * to list all spells.
Aiming: Sandblast (safe; 1% risk of failure)
Press: ? - help, Shift-Dir - straight line, f/p - acid dragon
Aim: an acid dragon (severely wounded, 84% to hit)
The blast of sand hits the acid dragon.
The acid dragon is almost dead.
The bullfrog hits you but does no damage.
The acid dragon spits acid at you. The splash of acid hits you!
The bullfrog closely misses you.
The bullfrog hits you but does no damage.
Casting: Sandblast (safe; 1% risk of failure)
Confirm with . or Enter, or press ? or * to list all spells.
Aiming: Stone Arrow (dangerous; 3% risk of failure)
Press: ? - help, Shift-Dir - straight line, f/p - acid dragon
Aim: an acid dragon (almost dead, catching its breath, 71% to hit)
The stone arrow misses the acid dragon.
The bullfrog closely misses you.
Casting: Stone Arrow (dangerous; 3% risk of failure)
Confirm with . or Enter, or press ? or * to list all spells.
Aiming: Sandblast (safe; 1% risk of failure)
Press: ? - help, Shift-Dir - straight line, f/p - acid dragon
Aim: an acid dragon (almost dead, catching its breath, 84% to hit)
The blast of sand misses the acid dragon.
The bullfrog closely misses you. The bullfrog barely misses you.
The acid dragon bites you. The acid dragon claws you.
Casting: Sandblast (safe; 1% risk of failure)
Confirm with . or Enter, or press ? or * to list all spells.
Aiming: Sandblast (safe; 1% risk of failure)
Press: ? - help, Shift-Dir - straight line, f/p - acid dragon
Aim: an acid dragon (almost dead, catching its breath, 84% to hit)
The blast of sand misses the acid dragon.
The bullfrog completely misses you. The bullfrog barely misses you.
The acid dragon bites you but does no damage.
The acid dragon claws you. The acid dragon spits acid at you.
The splash of acid hits you!
The bullfrog releases a deep croak.
The bullfrog hits you.
Casting: Sandblast (safe; 1% risk of failure)
Confirm with . or Enter, or press ? or * to list all spells.
Aiming: Sandblast (safe; 1% risk of failure)
Press: ? - help, Shift-Dir - straight line, f/p - acid dragon
Aim: an acid dragon (almost dead, 84% to hit)
The blast of sand hits the acid dragon but does no damage.
The acid dragon is almost dead.
The bullfrog hits you. The acid dragon closely misses you.
The acid dragon claws you but does no damage.
The bullfrog barely misses you.
Casting: Sandblast (safe; 1% risk of failure)
Confirm with . or Enter, or press ? or * to list all spells.
Aiming: Sandblast (safe; 1% risk of failure)
Press: ? - help, Shift-Dir - straight line, f/p - acid dragon
Aim: an acid dragon (almost dead, 84% to hit)
The blast of sand hits the acid dragon but does no damage.
The acid dragon is almost dead.
The bullfrog hits you.
The acid dragon bites you but does no damage.
The acid dragon completely misses you. The bullfrog hits you.
The acid dragon spits acid at you. The splash of acid hits you!
* * * LOW HITPOINT WARNING * * *
The acid corrodes you!
HP warning!
Okay, then.
It was a potion of lignification.
You turn into a tree.
Your +0 cloak melds into your body.
Your +2 hat melds into your body.
Your +0 pair of gloves melds into your body.
Your +0 robe melds into your body.
Your roots penetrate the ground.
The bullfrog hits you.
* * * LOW HITPOINT WARNING * * *
The bullfrog hits you but does no damage.
The acid dragon bites you but does no damage.
The acid dragon barely misses you.
HP warning!
Magic courses through your body. The bullfrog hits you.
* * * LOW HITPOINT WARNING * * *
The acid dragon bites you.
You die...

########## * #........# * * * *
#........# ,, ####........# ,
.........(......### ,
..>..............., ,,, ,,
,..(####........#* *** *
..#.....D♣F.# * *, ,
,..#.###.....# #.# * #.....# #F#
#.....### #.# * #.......# #Y# *
#.....#.# ##########
##############...#.###.........
##....#≈≈≈≈≈≈≈###.#.............
#....##≈≈≈.≈≈≈###.#####.........


You could see an acid dragon (catching breath) and a bullfrog.

Vanquished Creatures
  Pikel (D:6)
  A water moccasin (D:5)
  An ice beast (D:6)
  2 black bears (D:6)
  4 phantoms
  A scorpion (D:6)
  A howler monkey (D:6)
  2 hounds
  3 orc priests
  5 adders
  A white imp (D:6)
  2 worms
  A dart slug (D:3)
  8 orcs
  4 ball pythons
  4 bats (D:2)
  4 endoplasms
  3 giant cockroaches
  4 goblins
  2 hobgoblins
  2 kobolds (D:1)
  2 quokkas
  A frilled lizard (D:2)
  4 rats
63 creatures vanquished.

Notes
Turn   | Place    | Note
-------+----------+-------------------------------------------
     0 | D:1      | sentinel the Meteoran Earth Elementalist began the quest
                  | for the Orb.
     0 | D:1      | Reached XP level 1. HP: 14/14 MP: 5/5
    42 | D:1      | Learned a level 1 spell: Apportation
    47 | D:1      | Reached XP level 2. HP: 17/20 MP: 2/6
    77 | D:1      | Learned a level 2 spell: Passwall
   163 | D:2      | Reached XP level 3. HP: 26/26 MP: 2/8
   170 | D:2      | Learned a level 3 spell: Stone Arrow
   224 | D:2      | Reached skill level 1 in Conjurations
   232 | D:2      | Reached skill level 5 in Earth Magic
   237 | D:2      | Reached XP level 4. HP: 33/33 MP: 2/9
   271 | D:2      | Found a blossoming altar of Fedhas.
   357 | D:3      | Reached XP level 5. HP: 38/38 MP: 8/10
   398 | D:4      | Found a blossoming altar of Fedhas.
   403 | D:4      | Found a stormy altar of Qazlal.
   446 | D:4      | Reached XP level 6. HP: 45/45 MP: 9/11
   451 | D:4      | Identified a scroll of acquirement
   453 | D:4      | Acquired a Young Poisoner's Handbook
   502 | D:5      | Entered Level 5 of the Dungeon
   531 | D:5      | Reached skill level 1 in Translocations
   535 | D:5      | Found a shadowy altar of Dithmenos.
   538 | D:5      | Found a shimmering blue altar of Sif Muna.
   540 | D:5      | Found a basalt altar of Yredelemnul.
   592 | D:6      | Noticed a black bear
   595 | D:6      | Killed a black bear
   596 | D:6      | Reached skill level 5 in Conjurations
   596 | D:6      | Reached XP level 7. HP: 46/50 MP: 4/12
   609 | D:6      | Learned a level 4 spell: Olgreb's Toxic Radiance
   622 | D:6      | Reached skill level 1 in Poison Magic
   625 | D:6      | Reached skill level 2 in Poison Magic
   663 | D:6      | Reached skill level 3 in Poison Magic
   683 | D:5      | Noticed a water moccasin
   692 | D:5      | Reached skill level 4 in Poison Magic
   693 | D:5      | Killed a water moccasin
   694 | D:5      | Reached skill level 5 in Poison Magic
   694 | D:5      | Reached XP level 8. HP: 47/57 MP: 4/13
   776 | D:6      | Reached skill level 6 in Poison Magic
   874 | D:6      | Noticed Pikel
   879 | D:6      | Killed Pikel
   880 | D:6      | Reached skill level 7 in Poison Magic
   880 | D:6      | Reached skill level 5 in Spellcasting
   880 | D:6      | Gained mutation: You passively map the area around you.
                  | [Meteoran growth]
   880 | D:6      | Reached XP level 9. HP: 41/62 MP: 0/17
   921 | D:6      | Slain by an acid dragon

Illustrated notes

Levels and vault maps discovered:
D:1:      dpeg_arrival_water_altar, layout_rooms,
          chequers_ecumenical_altar_island, minmay_tromino_mix6
D:2:      layout_basic, basic_altar, bh_walls_and_bars, uniq_crazy_yiuf_cottage,
          uniq_sigmund
D:3:      layout_basic, uniq_ijyb
D:4:      layout_loops_ring, grunt_temple_overflow_forces_of_nature,
          gammafunk_ghost_arena, uniq_blork_the_orc
D:5:      layout_loops_ring, nicolae_ru_path_of_blood,
          grunt_temple_overflow_diamond, grunt_ministairs_11, roderic_batcave,
          minmay_fractal_squares_gapless_5
D:6:      layout_basic, kennysheep_generic_room_9, uniq_pikel, uniq_eustachio
D:7:      layout_basic, mainiacjoe_overflow_cross_hatched, kennysheep_mini,
          temple_fountains

Skill      XL: |  1  2  3  4  5  6  7  8  9 |
---------------+----------------------------+-----
Earth Magic    | 4 5 6 |  6.0
Conjurations   | 1 2 3 5 |  5.0
Translocations | 2 3 |  3.3
Spellcasting   | 3 5 |  5.6
Poison Magic   | 5 7 |  7.0
Evocations     | 3 4 |  4.6
Dodging        | |  2.4
Stealth        | |  1.4
Transmutations | |  1.2

Action                   |  1- 3 |  4- 6 |  7- 9 || total
-------------------------+-------+-------+-------++-------
Melee: Unarmed           |     1 |     1 |       ||     2
 Cast: Sandblast         |    28 |    43 |    39 ||   110
       Passwall          |     2 |     2 |     6 ||    10
       Apportation       |     1 |    15 |     6 ||    22
       Stone Arrow       |       |     1 |     7 ||     8
       Olgreb's Toxic Ra |       |       |     1 ||     1
Evoke: Wand              |       |       |     3 ||     3
  Use: Scroll            |       |     4 |     2 ||     6
       Potion            |       |       |     2 ||     2
Armor: Robe              |     8 |    14 |    14 ||    36
       Skin              |       |       |     2 ||     2
Dodge: Dodged            |     8 |    20 |    35 ||    63
